 Dungeon Crawl Stone Soup version 0.28.0-53-g5a82cb258f (webtiles) character file.

Game seed: 5676276094808040429

623 Icepheonix32 the Chiller (level 7, -1/50 HPs)
             Began as a Demonspawn Ice Elementalist on May 26, 2022.
             Slain by a meliai zombie (7 damage)
             ... on level 5 of the Dungeon.
             The game lasted 00:13:22 (3941 turns).

Icepheonix32 the Chiller (DsIE)                     Turns: 3941, Time: 00:13:23

Health: -1/50      AC: 12    Str:  8    XL:     7   Next: 22%
Magic:  8/10       EV: 12    Int: 22    God:
Gold:   167        SH:  4    Dex: 13    Spells: 3/10 levels left

rFire   . . .      SeeInvis +   e - +1 spear
rCold   . . .      Faith    .   (no shield)
rNeg    + . .      Spirit   .   a - +0 robe
rPois   +          Reflect  .   p - +2 helmet {Int+3}
rElec   .          Harm     .   (no cloak)
rCorr   .          Rampage  .   (no gloves)
Will    .....                   (no boots)
Stlth   ++........              (no amulet)
HPRegen 0.16/turn               l - ring of positive energy
MPRegen 0.12/turn               k - ring of poison resistance

@: attractive, hasted, very quick
A: molten scales 2, icemail 1, condensation shield, see invisible, wild magic 1
a: no special abilities


You were on level 5 of the Dungeon.
You visited 1 branch of the dungeon, and saw 5 of its levels.

You collected 181 gold pieces.
You spent 14 gold pieces at shops.

Inventory:

Hand Weapons
 e - a +1 spear (weapon)
 g - a +0 short sword of draining
Armour
 a - a +0 robe (worn)
 p - a +2 helmet of intelligence (worn)
 q - a +0 buckler
Jewellery
 k - a ring of poison resistance (right hand)
 l - a ring of positive energy (left hand)
Wands
 b - a wand of flame (42)
 j - a wand of mindburst (11)
Scrolls
 c - a scroll of blinking
 f - 2 scrolls of enchant weapon
 h - a scroll of amnesia
 i - 3 scrolls of fear
 m - 4 scrolls of teleportation
 n - 2 scrolls of enchant armour {unknown}
 o - a scroll of immolation
Potions
 r - a potion of attraction


   Skills:
 + Level 2.0 Fighting
 - Level 0.3 Short Blades
 - Level 1.2 Polearms
 - Level 2.0 Dodging
 + Level 1.8 Stealth
 * Level 0.5 Shields
 - Level 2.3 Spellcasting
 + Level 7.1 Ice Magic
 + Level 1.0 Evocations


You had 3 spell levels left.
You knew the following spells:

 Your Spells              Type           Power      Damage    Failure   Level
a - Freeze                Ice            100%       1d11      1%          1
b - Ozocubu's Armour      Ice            44%        N/A       3%          3
c - Frozen Ramparts       Ice            88%        1d10      3%          3

Your spell library contained the following spells:

 Spells                   Type           Power      Damage    Failure   Level
 Corpse Rot               Necr/Air       6%         N/A       28%         2
 Poisonous Vapours        Pois/Air       6%         N/A       28%         2
 Inner Flame              Hex/Fire       3%         N/A       45%         3
 Hailstorm                Conj/Ice       23%        3d7       38%         4
 Cause Fear               Hex            1%         N/A       85%         4
 Discord                  Hex            1%         N/A       100%        8


Dungeon Overview and Level Annotations

Branches:
Dungeon (5/15)
 Temple: D:4-7

Altars:
Wu Jian

Shops:
D:1 (:[!


Innate Abilities, Weirdness & Mutations

You are mostly covered in molten scales. (AC +3)
A meltable icy envelope protects you from harm. (AC +4)
A meltable shield of frost defends you. (SH +4)
You have supernaturally acute eyesight. (SInv)
Your spells are a little harder to cast, but a little more powerful.


Message History

The meliai zombie is lightly damaged.
The meliai zombie barely misses you.
The meliai zombie hits you but does no damage.
The meliai zombie barely misses you. The meliai zombie closely misses you.
Casting: Freeze (safe; 1% risk of failure)
Confirm with . or Enter, or press ? or * to list all spells.
Okay, then.
It was a potion of mutation.
You feel extremely strange.
You feel less in control of your magic.
Your vision sharpens.
The meliai zombie hits you but does no damage.
The meliai zombie misses you.
The meliai zombie hits you but does no damage.
The meliai zombie hits you.
Unknown command.
It was a potion of attraction.
You feel attractive to monsters. The meliai zombie hits you.
* * * LOW HITPOINT WARNING * * *
You block the meliai zombie's attack. The meliai zombie hits you.
* * * LOW HITPOINT WARNING * * *
The meliai zombie hits you.
* * * LOW HITPOINT WARNING * * *
It was a potion of haste.
You feel yourself speed up.
The meliai zombie hits you but does no damage.
You block the meliai zombie's attack. The meliai zombie closely misses you.
The meliai zombie completely misses you.
Unknown command.
Your icy armour will break if you move.
Continue?
Your icy armour cracks and falls away as you move.
The meliai zombie barely misses you.
The meliai zombie hits you but does no damage.
The meliai zombie barely misses you. The meliai zombie hits you.
* * * LOW HITPOINT WARNING * * *
Unknown command.
The meliai zombie hits you but does no damage.
The meliai zombie hits you.
* * * LOW HITPOINT WARNING * * *
Okay, then.
You block the meliai zombie's attack. The meliai zombie hits you!
You die...

#..>......†. #.#
#.....#.#... #.#
###.....#....# #.#
#.....#####.## #.#
#.....#####.## #.#
#............. #.#
#......####.##
##.#####......####.##
#...@Z.............#
##.#####......######
#.# ######.# #.# #.
#.# #.# #.###.# #.#
#.....#######
#.######............
#....)<#............
########............


You could see a meliai zombie.

Vanquished Creatures
  A hornet (D:4)
  A black bear (D:4)
  A centaur (D:5)
  A bullfrog skeleton (D:2)
  A hound (D:5)
  2 orc priests (D:4)
  Ijyb (D:3)
  Terence (D:3)
  2 adders (D:4)
  An ufetubus (D:4)
  A worm (D:3)
  2 dart slugs
  7 orcs
  3 endoplasms
  3 giant cockroaches
  4 goblins
  3 hobgoblins
  2 jackals (D:2)
  4 kobolds
  2 quokkas
  4 ball pythons
  6 bats
  4 frilled lizards
57 creatures vanquished.

Notes
Turn   | Place    | Note
-------+----------+-------------------------------------------
     0 | D:1      | Icepheonix32 the Demonspawn Ice Elementalist began the
                  | quest for the Orb.
     0 | D:1      | Reached XP level 1. HP: 13/13 MP: 3/3
    27 | D:1      | Found a faded altar of an unknown god.
    46 | D:1      | Found Soril's Weapon Emporium.
   290 | D:1      | Reached skill level 4 in Ice Magic
   435 | D:1      | Gained mutation: You are partially covered in molten
                  | scales. (AC +2) [demonic ancestry]
   435 | D:1      | Reached XP level 2. HP: 10/19 MP: 3/5
   586 | D:1      | Found Votteisi's Book Emporium.
   642 | D:1      | Found Heurch's Armour Emporium.
   691 | D:1      | Found Qudamoi's Distillery.
   715 | D:1      | Bought a potion of degeneration for 14 gold pieces
  1095 | D:2      | Reached XP level 3. HP: 22/25 MP: 3/6
  1099 | D:2      | Learned a level 3 spell: Ozocubu's Armour
  1773 | D:3      | Noticed Terence
  1829 | D:2      | Gained mutation: You are mostly covered in molten scales.
                  | (AC +3) [demonic ancestry]
  1829 | D:2      | Reached XP level 4. HP: 29/31 MP: 2/7
  1835 | D:2      | Learned a level 3 spell: Frozen Ramparts
  2019 | D:3      | Killed Terence
  2020 | D:3      | Reached skill level 1 in Fighting
  2020 | D:3      | Reached skill level 1 in Polearms
  2020 | D:3      | Reached skill level 5 in Ice Magic
  2148 | D:3      | Found an ornate altar of the Wu Jian Council.
  2364 | D:3      | Noticed Ijyb
  2372 | D:3      | Killed Ijyb
  2708 | D:4      | Gained mutation: A meltable shield of frost defends you.
                  | (SH +4) [demonic ancestry]
  2708 | D:4      | Reached XP level 5. HP: 20/37 MP: 0/8
  2827 | D:4      | Noticed a hornet
  2833 | D:4      | Killed a hornet
  2834 | D:4      | Reached skill level 6 in Ice Magic
  2834 | D:4      | Reached XP level 6. HP: 38/44 MP: 2/9
  3361 | D:4      | Reached skill level 1 in Evocations
  3445 | D:4      | Reached skill level 7 in Ice Magic
  3445 | D:4      | Gained mutation: A meltable icy envelope protects you from
                  | harm. (AC +4) [demonic ancestry]
  3445 | D:4      | Reached XP level 7. HP: 44/49 MP: 4/10
  3717 | D:5      | Entered Level 5 of the Dungeon
  3923 | D:5      | Gained mutation: Your spells are a little harder to cast,
                  | but a little more powerful. [potion of mutation]
  3923 | D:5      | Gained mutation: You have supernaturally acute eyesight.
                  | (SInv) [potion of mutation]
  3941 | D:5      | Slain by a meliai zombie

Illustrated notes

Levels and vault maps discovered:
D:1:      lightli_arrival_chessboard, layout_rooms,
          ebering_ecumenical_altar_mist, serial_shops,
          nicolae_shop_bloodbath_and_beyond, shop, shop, shop
D:2:      layout_rooms, minmay_stone_trees_medium
D:3:      layout_rooms, lemuel_doored_altar, uniq_terence, uniq_ijyb
D:4:      layout_loops_ring, kennysheep_nondescript, minmay_close_crescents
D:5:      layout_basic, general_overflow_altar,
          minmay_temple_entry_statues_pillars, uniq_eustachio

Skill      XL: |  1  2  3  4  5  6  7 |
---------------+----------------------+-----
Ice Magic      | 4 5 6 7 |  7.1
Fighting       | 1 2 |  2.0
Polearms       | 1 |  1.2
Evocations     | 1 |  1.0
Dodging        | 2 |  2.0
Short Blades   | |  0.3
Stealth        | |  1.8
Shields        | |  0.5
Spellcasting   | |  2.3

Action                   |  1- 3 |  4- 6 |  7- 9 || total
-------------------------+-------+-------+-------++-------
Melee: Short sword       |     7 |    33 |     8 ||    48
       Spear             |    52 |    13 |     4 ||    69
       Unarmed           |     1 |       |       ||     1
       Punch             |       |     3 |     1 ||     4
 Cast: Freeze            |    40 |    12 |     1 ||    53
       Frozen Ramparts   |       |     7 |     1 ||     8
       Ozocubu's Armour  |       |     4 |     3 ||     7
Evoke: Wand              |       |     2 |       ||     2
  Use: Scroll            |     3 |     3 |       ||     6
       Potion            |     3 |       |     3 ||     6
 Stab: Sleeping          |     2 |     1 |       ||     3
Armor: Robe              |    19 |    30 |    27 ||    76
Dodge: Dodged            |    52 |    46 |    23 ||   121
Block: Other             |       |     8 |     7 ||    15
